 Dungeon Crawl Stone Soup version 0.22-a0-750-ga7dcef7 (webtiles) character file.

428350 sking99 the Executioner (level 22, 0/215 (216) HPs)
             Began as a Minotaur Berserker on July 15, 2018.
             Was the Champion of Trog.
             Shot with an arrow by a deep elf archer (20 damage)
             ... on level 3 of the Elven Halls.
             The game lasted 02:04:35 (48846 turns).

sking99 the Executioner (Minotaur Berserker)       Turns: 48846, Time: 02:04:36

HP:   0/215 (216)   AC: 33    Str: 24    XL:     22   Next: 79%
MP:   21/21         EV: 20    Int:  4    God:    Trog [******]
Gold: 1707          SH:  0    Dex: 21    Spells: 21/21 levels left

rFire    . . .     SeeInvis .   a - +5 executioner's axe (freeze)
rCold    . . .     Gourm    .   (shield currently unavailable)
rNeg     . . .     Faith    .   F - +1 plate armour {MR+}
rPois    +         Spirit   .   (helmet restricted)
rElec    .         Reflect  .   r - +2 cloak
rCorr    .         Harm     .   t - +2 pair of gloves {Dex+3}
MR       ++...                  Z - +2 pair of boots {run}
Stlth    ..........             R - amulet of the Garden {rPois Regen+ Slay+2}
HPRegen  0.85/turn              Y - +4 ring of protection
MPRegen  0.17/turn              U - ring of Ipreil {Wiz Slay+6}

@: corroded, very slightly contaminated, quick
A: retaliatory headbutt, horns 2
}: 2/15 runes: serpentine, barnacled
a: Berserk, Trog's Hand, Brothers in Arms, Renounce Religion


You were on level 3 of the Elven Halls.
You worshipped Trog.
Trog was exalted by your worship.
You were not hungry.

You visited 7 branches of the dungeon, and saw 38 of its levels.
You visited the Abyss 1 time.
You also visited: Labyrinth and Bailey.

You collected 4593 gold pieces.
You spent 2886 gold pieces at shops.

Inventory:

Hand Weapons
 a - a +5 executioner's axe of freezing (weapon)
 b - a +2 antimagic battleaxe
Missiles
 M - 6 throwing nets (quivered)
Armour
 r - a +2 cloak (worn)
 t - a +2 pair of gloves of dexterity (worn)
 F - a +1 plate armour of magic resistance (worn)
 P - a +1 plate armour of fire resistance
 W - a scarf of resistance
 X - the +10 plate armour of the Shore {Dex+2}
   (You found it on level 1 of the Vaults)

   It affects your dexterity (+2).
 Z - a +2 pair of boots of running (worn)
Jewellery
 q - the amulet "Rualuteck" {Inacc rElec rN+}
   (You found it on level 5 of the Dungeon)

   [amulet of inaccuracy]

   It reduces the accuracy of all your attacks.
   It insulates you from electricity.
   It protects you from negative energy.
 x - an uncursed ring of protection from cold
 y - an uncursed ring of protection from fire
 N - a +4 ring of slaying
 R - the amulet of the Garden (around neck) {rPois Regen+ Slay+2}
   (You bought it in a shop on level 2 of the Orcish Mines)

   [amulet of regeneration]

   It affects your accuracy and damage with ranged weapons and melee attacks
   (+2).
   It protects you from poison.
   It increases your rate of regeneration.
 U - the ring of Ipreil (right hand) {Wiz Slay+6}
   (You bought it in a shop on level 2 of the Orcish Mines)

   [ring of wizardry]

   It improves your spell success rate.
   It affects your accuracy and damage with ranged weapons and melee attacks
   (+6).
 V - an uncursed ring of see invisible
 Y - a +4 ring of protection (left hand)
Wands
 z - a wand of polymorph (14)
 H - a wand of enslavement (26)
 I - a wand of paralysis (40)
 J - a wand of iceblast (55)
 O - a wand of digging (21)
 Q - a wand of acid (9)
 S - a wand of scattershot (6)
 T - a wand of disintegration (18)
Scrolls
 e - 17 scrolls of teleportation
 j - 10 scrolls of magic mapping
 k - 14 scrolls of fog
 l - 11 scrolls of remove curse
 m - 5 scrolls of blinking
 n - 2 scrolls of enchant weapon
 B - a scroll of silence
 E - 3 scrolls of identify
 G - 6 scrolls of enchant armour
 K - 4 scrolls of fear
Potions
 d - 4 potions of brilliance
 f - 2 potions of mutation
 g - 2 potions of agility
 h - 9 potions of haste
 i - 3 potions of flight
 p - 4 potions of heal wounds
 s - 13 potions of curing
 u - 3 potions of resistance
 w - 4 potions of invisibility
 A - 3 potions of ambrosia
 C - 4 potions of might
 D - 4 potions of cancellation
 L - 3 potions of magic
Comestibles
 c - 60 rations
 o - 18 chunks of flesh


   Skills:
 + Level 22.3 Fighting
 - Level 26.0 Axes
 + Level 22.2 Armour
 + Level 17.4 Dodging


You had 21 spell levels left.
You didn't know any spells.
Your spell library was empty.

Dungeon Overview and Level Annotations

Branches:
Dungeon (15/15)            Temple (0/1) D:7            Lair (6/6) D:9
 Shoals (4/4) Lair:4        Snake (4/4) Lair:2        Slime (0/5) Lair:5
    Orc (2/2) D:10            Elf (3/3) Orc:2        Vaults (4/5) D:13
  Crypt (0/3) Vaults:2     Depths (0/5) D:15

Altars:
Cheibriados
Dithmenos
Kikubaaqudgha
Nemelex Xobeh
Okawaru
Qazlal
Vehumet
Xom
The Shining One
Jiyva

Shops:
D:6 *   D:14 [   Orc:1 }%[}=   Orc:2 ==(*   Elf:1 !   Elf:2 !   Shoals:1 ?
Shoals:3 =   Vaults:4 }

Annotations:
D:7 1 runed door, Hebeh's ghost, novice DEFE
Elf:2 5 runed doors


Innate Abilities, Weirdness & Mutations

You reflexively headbutt those who attack you in melee.
You have a pair of horns on your head.


Message History

Press: ? - help, Dir - move target cursor You are very lightly contaminated with residual magic.
As you read the scroll of blinking, it crumbles to dust.
The deep elf demonologist mumbles some strange words.
You see here 4 arrows.
Evoke which item? (* to show all) (? for menu, Esc to quit)
Aiming: Dig
Press: ? - help, Shift-Dir - straight line A rock wall.
The rock shatters into small pieces.
A deep elf archer comes into view. It is wielding an antimagic dagger.
The deep elf archer unwields an uncursed antimagic dagger.
The deep elf archer wields an uncursed shortbow.
The deep elf archer shoots an arrow.
The arrow hits you.
* * * LOW HITPOINT WARNING * * *
You see here an arrow.
The deep elf archer gestures at you while chanting.
You resist with almost no effort.
The deep elf archer shoots an arrow.
The arrow hits you!!
You die...

###.#.))####.# #.........## ##
#.#..4##.##4###.........# #.
#......[...'e.+.........# #.
##########.....##.#.........#
#.
...............###(.........#
#. #########'##..##
##e.......## #.
#.....##.#########.##.....#)##
## .......'##
#..##'##'####.#### ........##
##@##.###.# ##'#.. .........#
#...)## #.# ##... .........#
#....## #.# #.... .........+
.e..... ###'#####....
.........#
###.....##.......#....
.........#
#....<..#......)##...
........##
#.......##.....####).
.......#'## ##########...(.#
#)# #.....###.## ##.).## #)#


You could see a deep elf demonologist and a deep elf archer.

Vanquished Creatures
  Mennas (Vaults:4)
  Xtahua (Vaults:2)
  2 deep elf blademasters (Elf:3)
  2 deep elf master archers (Elf:3)
  A shadow dragon (shapeshifter) (Vaults:3)
  3 tengu reavers (Vaults:3)
  A shadow dragon (Vaults:3)
  A storm dragon (Vaults:3)
  Roxanne (Snake:3)
  Donald (Vaults:4)
  A fire giant (Vaults:3)
  6 nagarajas (Snake:4)
  A deep elf sorcerer (Elf:3)
  An orc warlord (Orc:1)
  Aizul (Snake:3)
  A cacodemon (Abyss:4)
  15 vault wardens
  4 very ugly things (Vaults:3)
  18 ironheart preservers
  4 deep elf elementalists (Elf:3)
  7 stone giants
  3 deep elf demonologists (Elf:3)
  3 entropy weavers
  Nessos (D:13)
  6 deep elf annihilators
  A dire elephant (Lair:6)
  Azrael (D:14)
  A minotaur (Lab)
  2 ettins
  Snorg (Lair:2)
  3 merfolk javelineers (Shoals:4)
  6 merfolk impalers
  4 fire dragons
  5 deep elf death magi
  2 deep elf high priests (Elf:3)
  Erolcha (D:12)
  9 yaktaur captains
  Harold (Lair:3)
  7 vault guards
  2 rakshasas (Vaults:2)
  5 ice dragons
  22 naga warriors
  9 centaur warriors
  A catoblepas (Lair:6)
  6 hydras
  7 anacondas
  An alligator snapping turtle (Shoals:2)
  3 death knights
  7 merfolk aquamancers
  5 ogre magi
  18 dancing weapons
  3 merfolk avatars
  5 deep troll shamans
  19 two-headed ogres
  A satyr (Shoals:2)
  4 deep troll earth magi
  6 death yaks (Lair:6)
  4 orc high priests (Orc:2)
  Urug (Orc:1)
  A hell hog (Abyss:4)
  3 thrashing horrors (Abyss:4)
  4 tengu warriors
  28 naga sharpshooters
  9 shock serpents
  Sonja (Lair:3)
  16 deep elf knights
  A wretched star (Abyss:4)
  A spatial maelstrom (Abyss:4)
  An iron troll (shapeshifter) (Vaults:4)
  3 flayed ghosts
  2 shadow wraiths
  3 fire crabs
  2 sixfirhies (Abyss:4)
  13 skeletal warriors
  3 salamander mystics
  7 sea snakes
  15 deep trolls
  4 unseen horrors
  18 ironbrand convokers
  8 wizards
  8 naga ritualists
  A necromancer (Vaults:1)
  14 deep elf archers
  A phantasmal warrior (Vaults:3)
  13 mana vipers
  21 harpies
  A harpy (shapeshifter) (Vaults:2)
  4 orc sorcerers
  25 ugly things
  7 orc knights
  40 deep elf magi
  7 cyclopes
  5 fauns (Shoals:2)
  A manticore (shapeshifter) (Vaults:4)
  7 wolf spiders
  9 manticores
  A worldbinder (Abyss:4)
  13 salamanders
  2 guardian serpents
  6 water nymphs
  A centaur zombie (D:14)
  4 elephants (Lair:6)
  35 black mambas
  Maurice (D:13)
  A black mamba (shapeshifter) (Vaults:2)
  A smoke demon (Abyss:4)
  An eye of devastation (shapeshifter) (D:14)
  32 naga magi
  8 spiny frogs
  9 merfolk sirens
  A gargoyle (D:10)
  8 vault sentinels
  An orange demon (Abyss:4)
  A spiny frog (shapeshifter) (Elf:1)
  A rime drake (Lair:4)
  A komodo dragon (shapeshifter) (Vaults:2)
  2 efreet
  38 yaktaurs
  4 freezing wraiths
  9 komodo dragons
  A tengu conjurer (D:14)
  A yaktaur skeleton (Vaults:1)
  2 jumping spiders (Vaults:3)
  7 wind drakes
  2 polar bears
  3 trolls
  A hornet (Vaults:3)
  10 slime creatures
  29 merfolk
  7 blink frogs
  A raiju (Abyss:4)
  A hornet (shapeshifter) (Elf:2)
  15 hippogriffs
  2 stone giant simulacra
  A hippogriff (shapeshifter) (D:13)
  2 air elementals
  7 dream sheep (Shoals:3)
  3 large abominations (Abyss:4)
  8 snapping turtles
  6 redbacks (Vaults:3)
  A spriggan (shapeshifter) (Elf:1)
  6 starcursed masses (Abyss:4)
  2 wyverns
  45 yaks
  8 water elementals
  A fire bat (Shoals:4)
  2 basilisks (Lair:1)
  10 fire elementals
  A steam dragon (D:11)
  2 hungry ghosts
  A chaos spawn (Elf:1)
  6 vampire mosquitoes
  A warg (shapeshifter) (Vaults:1)
  Menkaure (D:5)
  A soldier ant (D:15)
  9 wargs
  2 spatial vortices (Abyss:4)
  63 nagas
  A human skeleton (Vaults:1)
  An acid dragon (Vaults:1)
  A water moccasin (shapeshifter) (Vaults:2)
  16 water moccasins
  2 hell hounds (D:14)
  10 porcupines
  39 orc warriors
  4 sky beasts
  8 ice beasts
  An eye of draining (shapeshifter) (D:14)
  A hornet zombie (D:8)
  An eye of draining (D:10)
  2 phantoms
  5 wolves (Lair:6)
  23 centaurs
  5 boggarts
  25 ogres
  13 crocodiles
  An elf skeleton (Vaults:1)
  2 wyvern zombies
  21 bullfrogs
  4 earth elementals
  A water moccasin skeleton (D:8)
  2 scorpions
  10 killer bees
  11 wights
  An electric eel (Lair:3)
  3 bullfrog zombies
  5 crimson imps
  4 lava snakes (Lab)
  3 quasits
  An iron imp (Abyss:4)
  10 hounds
  A gnoll shaman (D:7)
  29 orc priests
  Crazy Yiuf (D:5)
  2 bullfrog skeletons (D:9)
  3 jellies
  4 centaur skeletons
  3 iguanas
  40 orc wizards
  7 worker ants
  2 hound skeletons
  4 gnolls
  18 adders
  5 white imps
  2 adder skeletons
  4 worms
  A dart slug (D:2)
  6 leopard geckos
  130 orcs
  9 giant cockroaches
  7 hobgoblins
  4 jackals (D:7)
  7 quokkas
  A bat (D:2)
  3 frilled lizards
  10 goblins
  16 kobolds
  A leopard gecko skeleton (D:8)
  4 rats
  9 fungi
  14 plants
1602 creatures vanquished.

Vanquished Creatures (collateral kills)
  Sojobo (Vaults:3)
  A tengu reaver (Vaults:3)
  An orc warlord (Bailey)
  A merfolk javelineer (Shoals:4)
  2 merfolk impalers (Shoals:4)
  2 vault guards (Vaults:1)
  Fannar (Lair:1)
  3 hydras
  A sea snake (Shoals:4)
  A salamander (Snake:3)
  A merfolk siren (Shoals:4)
  A naga mage (Snake:3)
  A spiny frog (Lair:1)
  A yak (Lair:1)
  8 white imps (Lair:5)
  A fungus (Lair:5)
  A plant (Lair:1)
28 creatures vanquished.

Vanquished Creatures (others)
  A starcursed mass (Abyss:4)
  An ogre mage (Vaults:2)
  A wizard (Elf:1)
  A wight (D:14)
  4 bushes (Lair:6)
  16 fungi
  8 plants
32 creatures vanquished.

Grand Total: 1662 creatures vanquished

Notes
Turn   | Place    | Note
-------+----------+-------------------------------------------
     0 | D:1      | sking99 the Minotaur Berserker began the quest for the Orb.
     0 | D:1      | Reached XP level 1. HP: 19/19 MP: 0/0
   293 | D:1      | Reached skill level 4 in Axes
   409 | D:1      | Reached XP level 2. HP: 27/27 MP: 1/1
  1233 | D:2      | Reached XP level 3. HP: 33/33 MP: 2/2
  1479 | D:2      | Found a radiant altar of Vehumet.
  1541 | D:2      | Reached ** piety under Trog
  1805 | D:3      | Reached skill level 5 in Axes
  1805 | D:3      | Reached XP level 4. HP: 36/40 MP: 3/3
  2156 | D:3      | Found a stormy altar of Qazlal.
  2326 | D:4      | Noticed a phantom
  2350 | D:4      | Killed a phantom
  2350 | D:4      | Reached skill level 6 in Axes
  2350 | D:4      | Reached XP level 5. HP: 38/47 MP: 4/4
  2745 | D:4      | Reached skill level 5 in Fighting
  2756 | D:4      | Reached *** piety under Trog
  2756 | D:4      | Reached XP level 6. HP: 28/56 MP: 5/5
  3328 | D:4      | Noticed an orc warrior
  3341 | D:4      | Killed an orc warrior
  3532 | D:4      | Reached skill level 7 in Axes
  3744 | D:4      | Reached skill level 5 in Armour
  3744 | D:4      | Reached XP level 7. HP: 61/61 MP: 6/6
  4028 | D:5      | Entered Level 5 of the Dungeon
  4339 | D:5      | Got a crude emerald amulet
  4573 | D:5      | Reached skill level 8 in Axes
  4926 | D:5      | Found a runed door.
  4980 | D:5      | Noticed Menkaure
  4987 | D:5      | Killed Menkaure
  5420 | D:5      | Noticed Crazy Yiuf
  5425 | D:5      | Killed Crazy Yiuf
  5425 | D:5      | Reached XP level 8. HP: 71/71 MP: 4/7
  5567 | D:4      | Identified the amulet "Rualuteck" {Inacc rElec rN+} (You found it on level 5 of the Dungeon)
  5866 | D:6      | Reached skill level 9 in Axes
  6157 | D:6      | Found Tousmus's General Store.
  6162 | D:6      | Bought a +0 pair of gloves of dexterity for 161 gold pieces
  6363 | D:7      | Found a runed door.
  6368 | D:7      | Noticed Hebeh's ghost (novice DEFE)
  6434 | D:7      | Reached skill level 10 in Axes
  6452 | D:7      | Reached XP level 9. HP: 67/81 MP: 8/8
  6455 | D:7      | Reached **** piety under Trog
  6775 | D:7      | Reached skill level 11 in Axes
  6844 | D:7      | Found a staircase to the Ecumenical Temple.
  7553 | D:8      | Reached ***** piety under Trog
  7574 | D:8      | Reached skill level 12 in Axes
  8155 | D:8      | Killed an unseen horror
  8155 | D:8      | Reached XP level 10. HP: 58/91 MP: 9/9
  8388 | D:9      | Noticed a two-headed ogre
  8400 | D:9      | Killed a two-headed ogre
  8407 | D:9      | Reached skill level 13 in Axes
  8409 | D:9      | Received a gift from Trog
  8538 | D:9      | Reached skill level 10 in Fighting
  9067 | D:9      | Found a staircase to the Lair.
  9186 | D:9      | Reached skill level 10 in Armour
  9207 | D:9      | Found a shimmering altar of Xom.
  9213 | D:9      | Found a shadowy altar of Dithmenos.
  9219 | D:9      | Found a sparkling altar of Nemelex Xobeh.
  9223 | D:9      | Found an ancient bone altar of Kikubaaqudgha.
  9229 | D:9      | Found a glowing golden altar of the Shining One.
  9233 | D:9      | Found a snail-covered altar of Cheibriados.
  9245 | D:9      | Found an iron altar of Okawaru.
  9281 | D:10     | Entered Level 10 of the Dungeon
  9281 | D:10     | Noticed a gargoyle
  9288 | D:10     | Killed a gargoyle
  9456 | D:10     | Reached skill level 14 in Axes
  9618 | D:10     | Found a staircase to the Orcish Mines.
  9637 | D:10     | Reached XP level 11. HP: 97/101 MP: 10/10
  9830 | D:10     | Noticed a two-headed ogre
  9836 | D:10     | Killed a two-headed ogre
 10140 | D:10     | Noticed a tengu warrior
 10162 | D:10     | Killed a tengu warrior
 10336 | D:11     | Noticed a white ugly thing
 10434 | Lair:1   | Entered Level 1 of the Lair of Beasts
 10541 | Lair:1   | Reached skill level 15 in Axes
 10597 | Lair:1   | Noticed Fannar
 10605 | Lair:1   | Killed Fannar
 10619 | Lair:1   | Received a gift from Trog
 11235 | Lair:2   | Noticed a five-headed hydra
 11243 | Lair:2   | Killed a five-headed hydra
 11321 | Lair:2   | Found a staircase to the Snake Pit.
 11446 | Lair:2   | Reached skill level 16 in Axes
 11478 | Lair:2   | Reached XP level 12. HP: 102/112 MP: 11/11
 11844 | Lair:3   | Noticed Sonja
 11844 | Lair:3   | Noticed Snorg
 11936 | Lair:2   | Found a staircase to the Snake Pit.
 11947 | Lair:2   | Killed Snorg
 12017 | Lair:3   | Killed Sonja
 12613 | Lair:3   | Noticed Harold
 12623 | Lair:3   | Killed Harold
 13733 | Lair:3   | Got an encrusted hand axe
 13734 | Lair:3   | Identified the cursed +1 hand axe of the Immovable Emperors {flame, Int+5 Dex+4} (You found it on level 3 of the Lair of Beasts)
 13765 | Lair:4   | Reached skill level 17 in Axes
 13904 | Lair:4   | Noticed an eight-headed hydra
 13912 | Lair:4   | Killed a ten-headed hydra
 14267 | Lair:4   | Found a staircase to the Shoals.
 14949 | Lair:5   | Noticed a seven-headed hydra
 14959 | Lair:5   | Killed an 11-headed hydra
 14964 | Lair:5   | Found a frozen archway.
 14970 | Lair:5   | Received a gift from Trog
 15019 | Lair:5   | Noticed a five-headed hydra
 15025 | Lair:5   | Killed a seven-headed hydra
 15163 | Lair:5   | Noticed an eight-headed hydra
 15165 | Lair:5   | Found a viscous altar of Jiyva.
 15171 | Lair:5   | Killed an 11-headed hydra
 15172 | Lair:5   | Found a staircase to the Slime Pits.
 15233 | Lair:5   | Reached XP level 13. HP: 101/122 MP: 12/12
 15779 | Lair:5   | You fall through a shaft!
 15779 | Lair:6   | Entered Level 6 of the Lair of Beasts
 15879 | Lair:6   | Reached skill level 18 in Axes
 17091 | Lair:6   | Noticed a dire elephant
 17109 | Lair:6   | Killed a dire elephant
 17154 | Lair:6   | Identified the Compendium of Displacement and Summoning
 17163 | Lair:6   | Got a sparkling platinum ring
 17167 | Lair:6   | Identified 2 scrolls of acquirement
 17290 | Lair:6   | Identified the cursed ring of Neusevu {rN+ Int-3} (You found it on level 6 of the Lair of Beasts)
 17822 | Lair:5   | Reached skill level 19 in Axes
 18881 | D:12     | Reached XP level 14. HP: 133/133 MP: 13/13
 19563 | D:12     | Noticed Erolcha
 19571 | D:12     | Killed Erolcha
 20134 | D:13     | Found a labyrinth entrance.
 20143 | Lab      | Entered a labyrinth
 20219 | Lab      | Received a gift from Trog
 20228 | Lab      | Reached skill level 15 in Fighting
 20228 | Lab      | Reached XP level 15. HP: 134/141 MP: 14/14
 20468 | Lab      | Reached skill level 20 in Axes
 20502 | Lab      | Identified a +2 pair of boots of running (You found it in a labyrinth)
 20734 | D:13     | Noticed Maurice
 20774 | D:13     | Killed Maurice
 20774 | D:13     | Reached skill level 15 in Armour
 20937 | D:13     | Reached skill level 5 in Dodging
 20938 | D:13     | Found a gate to the Vaults.
 20988 | D:13     | Noticed Nessos
 21003 | D:13     | Killed Nessos
 21733 | D:14     | Found Icso's Armour Boutique.
 21806 | D:14     | Found a flagged portal.
 21835 | Bailey   | Entered a bailey
 21842 | Bailey   | Noticed an orc warlord
 21934 | Bailey   | Found a runed gate.
 21936 | Bailey   | Found a runed gate.
 21940 | Bailey   | Found a runed gate.
 22020 | Bailey   | Killed an orc warlord
 22378 | D:14     | Received a gift from Trog
 22405 | D:14     | Got a slimy chain mail
 22416 | D:14     | Identified the +1 chain mail "Farghibuck" {rF+ rC++ rCorr MP-9 Dex+2} (You found it on level 14 of the Dungeon)
 22495 | D:14     | Noticed Azrael
 22514 | D:14     | Killed Azrael
 23282 | Orc:1    | Entered Level 1 of the Orcish Mines
 23405 | Orc:1    | Noticed an orc warlord
 23421 | Orc:1    | Killed an orc warlord
 23807 | Orc:2    | Entered Level 2 of the Orcish Mines
 24004 | Orc:2    | Found a staircase to the Elven Halls.
 24740 | Orc:2    | Received a gift from Trog
 25019 | Orc:2    | Found Maocw's Jewellery Boutique.
 25019 | Orc:2    | Found Deong's Jewellery Boutique.
 25020 | Orc:2    | Found Zosing's Assorted Antiques.
 25023 | Orc:2    | Found Qomynu's Weapon Shop.
 25333 | Orc:2    | Bought the amulet of the Garden {rPois Regen+ Slay+2} for 694 gold pieces
 25341 | Orc:2    | Bought the ring of Ipreil {Wiz Slay+6} for 870 gold pieces
 25469 | Orc:1    | Found Lumah's Jewellery Shop.
 25477 | Orc:1    | Bought an uncursed ring of see invisible for 225 gold pieces
 25505 | Orc:1    | Found Pybon's Food Emporium.
 25530 | Orc:1    | Noticed Urug
 25538 | Orc:1    | Found Ipnewn's Gadget Boutique.
 25541 | Orc:1    | Killed Urug
 25561 | Orc:1    | HP: 5/144 [orc warrior/glaive (21)]
 25817 | Orc:1    | Found Zuud's Gadget Boutique.
 25864 | Orc:1    | Found Leruj's Armour Emporium.
 26247 | D:14     | Found Icso's Armour Boutique.
 26268 | D:15     | Entered Level 15 of the Dungeon
 26277 | D:15     | Reached XP level 16. HP: 151/151 MP: 15/15
 26865 | D:15     | Found a staircase to the Depths.
 27945 | Snake:1  | Entered Level 1 of the Snake Pit
 28501 | Snake:1  | Reached skill level 21 in Axes
 29615 | Snake:2  | Found a snail-covered altar of Cheibriados.
 29655 | Snake:2  | Received a gift from Trog
 29784 | Snake:2  | Got an iridescent battleaxe {god gift}
 29952 | Snake:2  | Identified the +7 battleaxe of Instant Death {holy, rElec rPois rC+ Int+2} (Trog gifted it to you on level 2 of the Snake Pit)
 31018 | Snake:3  | Reached skill level 10 in Dodging
 31018 | Snake:3  | Reached XP level 17. HP: 161/161 MP: 16/16
 31187 | Snake:3  | Noticed Aizul
 31201 | Snake:3  | Killed Aizul
 31204 | Snake:3  | Reached skill level 22 in Axes
 31652 | Snake:3  | Received a gift from Trog
 32037 | Snake:3  | Reached XP level 18. HP: 171/171 MP: 17/17
 32052 | Snake:3  | Noticed Roxanne
 32066 | Snake:3  | Killed Roxanne
 32735 | Snake:4  | Entered Level 4 of the Snake Pit
 33580 | Snake:4  | Reached skill level 23 in Axes
 33675 | Snake:4  | Received a gift from Trog
 34254 | Snake:4  | Received a gift from Trog
 34676 | Snake:4  | Reached XP level 19. HP: 164/180 MP: 18/18
 34709 | Snake:4  | Got a serpentine rune of Zot
 34938 | Shoals:1 | Entered Level 1 of the Shoals
 35165 | Shoals:1 | Found Xinesuas's Magic Scroll Shop.
 35173 | Shoals:1 | Bought a scroll of acquirement for 936 gold pieces
 35174 | Shoals:1 | Got a warped cloak
 35175 | Shoals:1 | Identified the +0 cloak "Utaecien" {*Corrode rN++ Dex+6} (You acquired it on level 1 of the Shoals)
 35979 | Shoals:2 | Received a gift from Trog
 36351 | Shoals:3 | Found Foqeohud's Jewellery Boutique.
 37100 | Shoals:4 | Entered Level 4 of the Shoals
 37560 | Shoals:4 | Received a gift from Trog
 37567 | Shoals:4 | Reached skill level 24 in Axes
 38068 | Shoals:4 | Got a barnacled rune of Zot
 38279 | Shoals:4 | Identified a +2 pair of boots of running (You found it on level 4 of the Shoals)
 38877 | Vaults:1 | Entered Level 1 of the Vaults
 39180 | Vaults:1 | Received a gift from Trog
 39382 | Vaults:1 | Reached XP level 20. HP: 191/191 MP: 6/19
 40039 | Vaults:2 | Noticed Xtahua
 40052 | Vaults:2 | Killed Xtahua
 40081 | Vaults:2 | Reached skill level 25 in Axes
 40673 | Vaults:2 | You fall through a shaft!
 40683 | Vaults:3 | Received a gift from Trog
 40769 | Vaults:3 | Received a gift from Trog
 41770 | Vaults:2 | Received a gift from Trog
 41867 | Vaults:2 | Found a staircase to the Crypt.
 42064 | Vaults:2 | Reached XP level 21. HP: 183/201 MP: 20/20
 42813 | Vaults:3 | Received a gift from Trog
 42936 | Vaults:3 | Reached skill level 26 in Axes
 43529 | Vaults:3 | Reached skill level 15 in Dodging
 43828 | Vaults:3 | Noticed Sojobo
 43856 | Vaults:3 | Killed Sojobo
 44341 | Vaults:1 | Got an encrusted plate armour
 44344 | Vaults:1 | Identified the +10 plate armour of the Shore {Dex+2} (You found it on level 1 of the Vaults)
 44711 | Vaults:4 | Received a gift from Trog
 44728 | Vaults:4 | Got a slimy battleaxe {god gift}
 44729 | Vaults:4 | Identified the +3 battleaxe of Buli {chop, rPois rF+ MR- Str+6} (Trog gifted it to you on level 4 of the Vaults)
 44912 | Vaults:4 | Noticed Mennas
 44936 | Vaults:4 | Killed Mennas
 44967 | Vaults:4 | Found Duilan's Gadget Boutique.
 45099 | Vaults:4 | Noticed Donald
 45108 | Vaults:4 | Killed Donald
 45573 | Vaults:4 | Received a gift from Trog
 45678 | Vaults:4 | Identified Sif Muna's Guide on Translocation
 46063 | Elf:1    | Entered Level 1 of the Elven Halls
 46093 | Elf:1    | Reached XP level 22. HP: 204/212 MP: 21/21
 46430 | Elf:1    | Found Ikigeta's Distillery.
 46910 | Elf:1    | Cast into level 4 of the Abyss (war axe of distortion)
 46954 | Abyss:4  | Found a corrupted altar of Lugonu.
 47089 | Elf:1    | Escaped the Abyss
 47317 | Elf:2    | Reached ****** piety under Trog
 47402 | Elf:2    | Found Wil Sago's Distillery.
 47640 | Elf:2    | Received a gift from Trog
 47822 | Elf:2    | Found a huge runed gate.
 47830 | Elf:2    | Found a huge runed gate.
 47831 | Elf:2    | Found a huge runed gate.
 47833 | Elf:2    | Found a huge runed gate.
 47833 | Elf:2    | Found a huge runed gate.
 47899 | Elf:3    | Entered Level 3 of the Elven Halls
 48450 | Elf:3    | Received a gift from Trog
 48846 | Elf:3    | Shot with an arrow by a deep elf archer

Vault maps used:
D:1:      dpeg_arrival_radiant
D:2:      marbit_many_paths
D:3:      grunt_qazlal_clouds
D:4:      kennysheep_another_room, kennysheep_cross_bottleneck, sigmund_army
D:5:      first_ration, uniq_crazy_yiuf_cottage, uniq_menkaure
D:6:      serial_shops, shop
D:7:      minmay_temple_entry_overgrown, gammafunk_ghost_grave
D:9:      grunt_temple_overflow_octagram, lair_entry_dummy
D:10:     david_orc_2, grunt_tengu_nest, minivault_25, item_on_display_a
D:11:     nooodl_orcs_dogs
D:12:     uniq_erolcha
D:13:     david_vaults_2, lab_entry_generic, uniq_maurice, uniq_nessos
D:14:     serial_corexii_hall, corexii_hall_statues_t, corexii_hall_statues_l,
          enter_bailey_2, serial_shops, nicolae_shop_statue_plus,
          kennysheep_path_1, grunt_ministairs_1, uniq_azrael
D:15:     grunt_enter_depths_hoard, minmay_misc_feat_room
Lair:1:   uniq_fannar
Lair:2:   dummy_snake_entry, grunt_megastairs_4
Lair:3:   serial_bayou_shore_a, uniq_sonja, uniq_snorg, uniq_harold
Lair:4:   minmay_shoals_entry_beasts
Lair:5:   slime_altar_1, portal_ice_cave_entry_imps,
          infiniplex_staircase_pool_2, grunt_megastairs_1, lemuel_fruit_tree
Lair:6:   grunt_lair_end_beastmaster, lemuel_fruit_fields
Shoals:1: serial_shops, shop
Shoals:2: nicolae_shoals_loop_pool
Shoals:3: serial_shops, nicolae_shop_crystal, nicolae_shoals_arrival_archipelago
Shoals:4: shoals_end_simple, nicolae_shoals_square_sea_wall,
          hangedman_shoal_volcano
Snake:2:  basic_altar
Snake:3:  guppyfry_library_mini, uniq_aizul, uniq_roxanne
Snake:4:  snake_pit, stair_cage_line
Orc:1:    serial_shops, nicolae_shop_waterfront, shop,
          nicolae_shop_temple_entry_statues_fountains, shop_statue, shop,
          nicolae_orc_stony_grotto, uniq_urug
Orc:2:    st_orc_mages
Elf:1:    serial_shops, nicolae_shop_crystal, hangedman_elf_disciples,
          moated_statue
Elf:2:    serial_shops, shop
Elf:3:    elf_hall
Vaults:1: v_misc_5, v_pattern_4, hangedman_vaults_restitches,
          nicolae_vaults_back_hallway, v_misc_5, nicolae_vaults_sealed_display,
          v_rooms_1, ontoclasm_vaults_loading_screen, vaults_room_octagon,
          vaults_dpeg_diagonal, ontoclasm_vaults_decontamination
Vaults:2: vaults_mumra_minichess_inversion, v_rooms_5,
          nicolae_vaults_windows_and_doors_thing,
          nicolae_vaults_mini_display_case, hangedman_vaults_hat, v_misc_13,
          v_misc_10, blue_anna_dwarven_crypt, nicolae_vaults_rhombus_6,
          uniq_xtahua
Vaults:3: nicolae_vaults_inception_corners, grunt_vaults_focal,
          vaults_dpeg_hooks, vaults_room_hallway, v_pattern_1,
          ontoclasm_vaults_ring_small, nicolae_vaults_network_barrier,
          grunt_vaults_diagonal, grunt_vaults_hallway_short,
          nicolae_vaults_diagonal_hallway_7, v_misc_30,
          nicolae_vaults_network_star, ontoclasm_vaults_pinch,
          grunt_vaults_hallway_short, st_check, uniq_sojobo
Vaults:4: v_rooms_4, st_cross, vaults_dpeg_cross, v_misc_19,
          vaults_standard_mumra_lines, v_alt_pattern_6, ontoclasm_vaults_chip,
          v_misc_22, ontoclasm_vaults_loading_screen, ontoclasm_vaults_twist,
          v_pattern_3, nicolae_vaults_big_angled_halls, grunt_vaults_swirl,
          serial_shops, shop, uniq_donald, uniq_mennas
Abyss:4:  dshaligram_kb_abyss_rune_zappy_water_cross
Lab:      nicolae_lab_grate, labyrinth_lava_lair, nicolae_lab_arrow
Bailey:   bailey_axe_bossmonster_kennysheep, bailey

Skill      XL: |  1  2  3  4  5  6  7  8  9 10 11 12 13 14 15 16 17 18 19 20 21 22 |
---------------+-------------------------------------------------------------------+-----
Axes           | 4 5 6 7 8 10 12 14 16 17 19 20 21 22 23 24 25 26 | 26.0
Fighting       | 4 5 6 8 9 10 12 13 14 15 16 17 18 19 20 21 22 | 22.3
Armour         | 3 4 5 6 7 9 10 11 13 14 16 17 18 19 21 22 | 22.2
Dodging        | 4 7 10 11 13 14 16 17 | 17.4

Action                   |  1- 3 |  4- 6 |  7- 9 | 10-12 | 13-15 | 16-18 | 19-21 | 22-24 || total
-------------------------+-------+-------+-------+-------+-------+-------+-------+-------++-------
Melee: Hand axe          |    76 |   130 |   315 |    79 |       |       |       |       ||   600
       Headbutt          |    10 |    17 |    77 |   131 |   206 |   185 |   345 |    83 ||  1054
       War axe           |       |       |       |   410 |   567 |       |       |       ||   977
       Executioner's axe |       |       |       |       |   226 |   653 |   912 |   349 ||  2140
       Battleaxe         |       |       |       |       |       |       |   246 |       ||   246
Invok: Berserk           |     2 |     4 |     7 |     7 |     9 |       |     2 |       ||    31
       Trog's Hand       |       |       |     1 |       |     4 |    18 |    25 |     5 ||    53
       Brothers in Arms  |       |       |       |    10 |     4 |     4 |     6 |       ||    24
Evoke: Wand              |       |       |       |       |     5 |       |     1 |     4 ||    10
  Use: Scroll            |     3 |     1 |    12 |     7 |    25 |     5 |    13 |     3 ||    69
       Potion            |       |       |       |       |     4 |     5 |       |       ||     9
 Stab: Distracted        |       |       |       |     1 |     1 |     1 |     1 |       ||     4
  Eat: Chunk             |     5 |     9 |    16 |    33 |    52 |    12 |    46 |    11 ||   184
       Ration            |       |       |     2 |     1 |     3 |     5 |     1 |       ||    12
Armor: Animal skin       |     3 |       |       |       |       |       |       |       ||     3
       Leather armour    |    11 |     8 |       |       |       |       |       |       ||    19
       Ring mail         |       |    18 |    19 |       |       |       |       |       ||    37
       Plate armour      |       |       |   129 |   258 |   432 |   380 |   628 |   122 ||  1949
       Chain mail        |       |       |       |       |    34 |       |       |       ||    34
Dodge: Dodged            |    32 |    67 |   101 |   233 |   481 |   393 |   747 |   184 ||  2238

Table legend:
 A = Spawn XP
 B = Non-spawn XP
 C = Spawn XP percentage of total XP
 D = Spawn monster count
 E = Non-spawn monster count
 F = Spawn count percentage of total count
 G = Total turns spent on level
                    A         B        C        D         E        F      G
               +---------+---------+-------+---------+---------+-------+---------
         Total |    8335 |  685968 |   1.2 |      13 |    1594 |   0.8 | 48846
               +---------+---------+-------+---------+---------+-------+---------
           D:1 |       0 |      22 |   0.0 |       0 |      14 |   0.0 |   954
           D:2 |       0 |      69 |   0.0 |       0 |      21 |   0.0 |   797
           D:3 |       0 |      39 |   0.0 |       0 |      13 |   0.0 |   509
           D:4 |       0 |     603 |   0.0 |       0 |      29 |   0.0 |  2065
           D:5 |       0 |     705 |   0.0 |       0 |      12 |   0.0 |  1273
           D:6 |       0 |     410 |   0.0 |       0 |      10 |   0.0 |   737
           D:7 |       0 |    1603 |   0.0 |       0 |      27 |   0.0 |   811
           D:8 |       0 |    2711 |   0.0 |       0 |      50 |   0.0 |  1308
           D:9 |       0 |    3088 |   0.0 |       0 |      38 |   0.0 |  1040
          D:10 |       0 |    4723 |   0.0 |       0 |      43 |   0.0 |  1059
          D:11 |       0 |    7736 |   0.0 |       0 |      54 |   0.0 |  1039
          D:12 |       0 |    6874 |   0.0 |       0 |      32 |   0.0 |  1425
          D:13 |       0 |    8758 |   0.0 |       0 |      31 |   0.0 |  1663
          D:14 |       0 |   14680 |   0.0 |       0 |      41 |   0.0 |  1228
          D:15 |       0 |   13621 |   0.0 |       0 |      29 |   0.0 |  1411
        Lair:1 |       0 |    4759 |   0.0 |       0 |      22 |   0.0 |   919
        Lair:2 |       0 |    3396 |   0.0 |       0 |      18 |   0.0 |   832
        Lair:3 |       0 |    6136 |   0.0 |       0 |      19 |   0.0 |  1794
        Lair:4 |       0 |    5133 |   0.0 |       0 |      18 |   0.0 |  1233
        Lair:5 |       0 |    4877 |   0.0 |       0 |      24 |   0.0 |  1121
        Lair:6 |       0 |   17951 |   0.0 |       0 |      46 |   0.0 |  1785
      Shoals:1 |       0 |    8040 |   0.0 |       0 |      16 |   0.0 |   596
      Shoals:2 |       0 |   13415 |   0.0 |       0 |      28 |   0.0 |   824
      Shoals:3 |       0 |    9230 |   0.0 |       0 |      23 |   0.0 |   987
      Shoals:4 |       0 |   36892 |   0.0 |       0 |      68 |   0.0 |  1260
       Snake:1 |       0 |   28966 |   0.0 |       0 |      54 |   0.0 |  1674
       Snake:2 |       0 |   19943 |   0.0 |       0 |      38 |   0.0 |  1687
       Snake:3 |       0 |   35803 |   0.0 |       0 |      69 |   0.0 |  1630
       Snake:4 |       0 |   51167 |   0.0 |       0 |      82 |   0.0 |  1976
         Orc:1 |       0 |    7089 |   0.0 |       0 |      37 |   0.0 |   976
         Orc:2 |       0 |    8120 |   0.0 |       0 |      79 |   0.0 |  1810
         Elf:1 |       0 |   20797 |   0.0 |       0 |      37 |   0.0 |  1073
         Elf:2 |       0 |   20091 |   0.0 |       0 |      32 |   0.0 |   584
         Elf:3 |       0 |   53364 |   0.0 |       0 |      55 |   0.0 |   947
      Vaults:1 |       0 |   51992 |   0.0 |       0 |      67 |   0.0 |  1298
      Vaults:2 |       0 |   72415 |   0.0 |       0 |     112 |   0.0 |  2378
      Vaults:3 |       0 |   77578 |   0.0 |       0 |     103 |   0.0 |  2127
      Vaults:4 |       0 |   56365 |   0.0 |       0 |      64 |   0.0 |  1189
       Abyss:4 |    8335 |    4092 |  67.1 |      13 |      13 |  50.0 |   179
           Lab |       0 |    1430 |   0.0 |       0 |       5 |   0.0 |   396
        Bailey |       0 |    1285 |   0.0 |       0 |      21 |   0.0 |   252
               +---------+---------+-------+---------+---------+-------+---------
